 Dungeon Crawl Stone Soup version 0.28.0-53-g5a82cb258f (webtiles) character file.

Game seed: 14731463069573394327

364 Tiocfaidh the Sneak (level 7, 0/47 HPs)
             Began as a Djinni Enchanter on June 26, 2022.
             Slain by Blork the orc
             ... wielding a +0 scimitar
              (11 damage)
             ... on level 4 of the Dungeon on July 1, 2022.
             The game lasted 00:26:30 (5333 turns).

Tiocfaidh the Sneak (Djinni Enchanter)              Turns: 5333, Time: 00:26:31

Health: 0/47       AC:  2    Str:  7    XL:     7   Next: 0%
Gold:   189        EV: 17    Int: 18    God:
                   SH:  0    Dex: 14

rFire   + + .      SeeInvis .   n - +2 spear (flame)
rCold   x . .      Faith    .   (no shield)
rNeg    . . .      Spirit   .   b - +0 robe
rPois   ∞          Reflect  .   (no helmet)
rElec   .          Harm     .   (no cloak)
rCorr   .          Rampage  .   (no gloves)
Will    .....                   (boots unavailable)
Stlth   +++.......              (no amulet)
HPRegen 0.15/turn               f - +4 ring of evasion
MPRegen 0.00/turn               (no ring)

@: flying
A: sickness immunity, fire resistance 2, cold vulnerability 1, float, innate
caster, HP casting, extra vitality 1
a: no special abilities


You were on level 4 of the Dungeon.
You visited 1 branch of the dungeon, and saw 4 of its levels.

You collected 189 gold pieces.

Inventory:

Hand Weapons
 j - a +0 dagger of speed
 n - a +2 spear of flaming (weapon)
Missiles
 e - 4 poisoned darts
Armour
 b - a +0 robe (worn)
Jewellery
 f - a +4 ring of evasion (left hand)
Wands
 d - a wand of flame (18)
 p - a wand of mindburst (10)
Scrolls
 g - a scroll of amnesia {unknown}
 h - a scroll of enchant weapon {unknown}
 k - 3 scrolls of enchant armour {unknown}
Potions
 a - 3 potions of brilliance {unknown}
 c - 2 potions of invisibility
 i - 3 potions of curing
 l - a potion of heal wounds
 m - a potion of cancellation
 o - a potion of attraction {unknown}


   Skills:
 + Level 1.1 Fighting
 + Level 1.5 Short Blades
 + Level 1.7 Polearms
 + Level 0.1 Throwing
 + Level 2.9 Dodging
 + Level 4.7 Stealth
 + Level 3.2 Spellcasting


You couldn't memorise any spells.
You knew the following spells:

 Your Spells              Type           Power      Damage    Failure   Level
a - Ensorcelled Hibernat  Hex/Ice        28%        N/A       6%          2
b - Confusing Touch       Hex            14%        N/A       12%         3
c - Tukima's Dance        Hex            14%        N/A       12%         3
d - Dazzling Flash        Conj/Hex       28%        N/A       12%         3
e - Magic Dart            Conj           56%        1d5       4%          1
f - Call Imp              Summ           14%        N/A       6%          2
g - Call Canine Familiar  Summ           14%        N/A       12%         3
Your spell library was empty.

Dungeon Overview and Level Annotations

Branches:
Dungeon (4/15)
 Temple: D:4-7

Altars:
Fedhas
Yredelemnul

Shops:
D:3 (

Annotations:
D:4 Blork the orc


Innate Abilities, Weirdness & Mutations

You are immune to sickness and miasma.
You are immune to poison.
Your flesh is very heat resistant. (rF++)
You are vulnerable to cold. (rC-)
You float through the air rather than walking.
You learn spells naturally, not from books.
Your magical power is your life essence.
You have superior vitality. (+4 MHP)


Message History

You are frozen!
You feel a terrible chill!
You hit the endoplasm. You burn the endoplasm.
You kill the endoplasm!
Blork the orc shouts!
Blork the orc mumbles some strange words.
Blork the orc seems to speed up.
Blork the orc looks satisfied for a moment.
You see here a potion of lignification.
Blork the orc points at you and mumbles some strange words.
The puff of flame misses you.
Casting: Ensorcelled Hibernation (safe; 6% risk of failure)
Confirm with . or Enter, or press ? or * to list all spells.
Blork the orc hits your hound with a +0 scimitar!
Your hound barely misses Blork the orc.
Blork the orc hits your hound with a +0 scimitar.
Your hound bites Blork the orc.
Blork the orc completely misses your hound.
Your hound closely misses Blork the orc.
Your hound bites Blork the orc.
Casting: Call Canine Familiar (dangerous; 12% risk of failure)
Confirm with . or Enter, or press ? or * to list all spells.
A metallic apparition takes form in the air.
Your hound closely misses Blork the orc.
Blork the orc hits you with a +0 scimitar!
Your hound bites Blork the orc.
Blork the orc hits you with a +0 scimitar!
* * * LOW HITPOINT WARNING * * *
Your hound bites Blork the orc.
Your iron imp hits Blork the orc.
Blork the orc screams, "I'll cover the dungeon with your blood!"
Your hound barely misses Blork the orc.
Blork the orc completely misses you.
You hit Blork the orc. You burn Blork the orc.
Blork the orc is severely wounded.
Your hound bites Blork the orc.
Blork the orc points at you and mumbles some strange words.
The puff of flame hits you. You resist.
* * * LOW HITPOINT WARNING * * *
Your hound bites Blork the orc.
Your hound bites Blork the orc but does no damage.
Blork the orc hits you with a +0 scimitar!
You die...

#.# ........##.# #............
#.# ........##.######.##########.
#.# #######o..........# ......
#.#########!##.############......
..........#.#(.....)).#..........
..........#.#########.#...... ...
..........#.........#.#....# ###.
.....†................#....# #.
######.†........@oh...#....#####.
#....#............5...........##.
#....#...............##....##.#..
#....###.#...........########.#..
#....# #.#...........# #.#..
#....# #.#...........# #.##.
#....###.#...........########.##.
.........#....................##.
#....#######################..##.


You could see Blork the orc (fast, ally target), a friendly hound (summoned) and
a friendly iron imp (summoned).

Vanquished Creatures
  A necrophage (D:4)
  A scorpion (D:4)
  A bullfrog skeleton (D:4)
  An iguana (D:3)
  Natasha (D:3)
  A gnoll (D:1)
  5 adders
  An ufetubus (D:4)
  3 dart slugs
  6 orcs (D:4)
  8 ball pythons
  3 bats
  An endoplasm (D:4)
  4 giant cockroaches
  3 goblins
  5 hobgoblins
  2 jackals (D:4)
  8 kobolds
  2 quokkas (D:1)
  8 frilled lizards
  4 rats
69 creatures vanquished.

Notes
Turn   | Place    | Note
-------+----------+-------------------------------------------
     0 | D:1      | Tiocfaidh the Djinni Enchanter began the quest for the Orb.
     0 | D:1      | Reached XP level 1. HP: 15/15 MP: 0/0
   358 | D:1      | Reached XP level 2. HP: 21/21 MP: 0/0
  1296 | D:1      | Reached XP level 3. HP: 24/25 MP: 0/0
  1296 | D:1      | Learned a level 1 spell: Magic Dart
  1668 | D:1      | Reached skill level 3 in Stealth
  2027 | D:2      | Found a blossoming altar of Fedhas.
  2223 | D:2      | Reached XP level 4. HP: 10/31 MP: 0/0
  2670 | D:2      | Reached skill level 1 in Short Blades
  3021 | D:3      | Reached skill level 4 in Stealth
  3021 | D:3      | Reached XP level 5. HP: 13/35 MP: 0/0
  3021 | D:3      | Learned a level 2 spell: Call Imp
  3432 | D:3      | Found a basalt altar of Yredelemnul.
  3868 | D:3      | Found Paila's Weapon Boutique.
  4009 | D:3      | Noticed Natasha
  4014 | D:3      | Killed Natasha
  4147 | D:4      | Noticed Blork the orc
  4175 | D:4      | Noticed a necrophage
  4886 | D:4      | Reached XP level 6. HP: 37/41 MP: 0/0
  4946 | D:4      | Killed a necrophage
  4947 | D:4      | Reached skill level 1 in Fighting
  4947 | D:4      | Reached skill level 1 in Polearms
  5280 | D:4      | Reached XP level 7. HP: 43/47 MP: 0/0
  5280 | D:4      | Learned a level 3 spell: Call Canine Familiar
  5333 | D:4      | Slain by Blork the orc

Illustrated notes

Levels and vault maps discovered:
D:1:      enne_arrival_octagon_isle, layout_basic
D:2:      layout_basic, basic_altar, minmay_quantized
D:3:      layout_loops_ring, lemuel_tele_altar, serial_shops,
          nicolae_shop_bloodbath_and_beyond, grunt_decor_one_mirror,
          uniq_natasha
D:4:      layout_basic, uniq_blork_the_orc

Skill      XL: |  1  2  3  4  5  6 |
---------------+-------------------+-----
Stealth        | 3 4 |  4.7
Short Blades   | 1 |  1.5
Spellcasting   | 3 |  3.2
Fighting       | 1 |  1.1
Polearms       | 1 |  1.7
Throwing       | |  0.1
Dodging        | |  2.9

Action                   |  1- 3 |  4- 6 |  7- 9 || total
-------------------------+-------+-------+-------++-------
Melee: Dagger            |    71 |    97 |       ||   168
       Punch             |     1 |     1 |       ||     2
       Spear             |       |    71 |     3 ||    74
Throw: Dart              |     2 |       |       ||     2
 Cast: Ensorcelled Hiber |    25 |    22 |       ||    47
       Confusing Touch   |     2 |       |       ||     2
       Call Imp          |       |       |     1 ||     1
       Call Canine Famil |       |       |     1 ||     1
  Use: Scroll            |       |     5 |       ||     5
 Stab: Sleeping          |    21 |    20 |       ||    41
       Distracted        |       |     1 |       ||     1
Armor: Robe              |     3 |    22 |       ||    25
Dodge: Dodged            |    51 |   119 |     2 ||   172
